 Dungeon Crawl Stone Soup version 0.27.0-1-g7a089689b8 (webtiles) character file.

Game seed: 2921248358464185862

346 hawla the Grave Robber (level 6, -2/35 HPs)
             Began as a Deep Elf Necromancer on Aug 8, 2021.
             Slain by a phantom (8 damage)
             ... on level 4 of the Dungeon.
             The game lasted 00:10:48 (4829 turns).

hawla the Grave Robber (Deep Elf Necromancer)       Turns: 4829, Time: 00:10:49

Health: -2/35      AC:  2    Str:  5    XL:     6   Next: 32%
Magic:  14/14      EV: 13    Int: 22    God:
Gold:   140        SH:  0    Dex: 15    Spells: 5/13 levels left

rFire    . . .     SeeInvis .   i - +3 short sword
rCold    . . .     Faith    .   (no shield)
rNeg     + . .     Spirit   .   a - +0 robe
rPois    .         Reflect  .   (no helmet)
rElec    .         Harm     .   (no cloak)
rCorr    .         Rampage  .   (no gloves)
Will     .....                  (no boots)
Stlth    ++........             (no amulet)
HPRegen  0.11/turn              f - ring of positive energy
MPRegen  0.14/turn              (no ring)

@: no status effects
A: no striking features
a: no special abilities


You were on level 4 of the Dungeon.
You visited 1 branch of the dungeon, and saw 5 of its levels.

You collected 140 gold pieces.

Inventory:

Hand Weapons
 i - a +3 short sword (weapon)
Missiles
 h - 5 boomerangs
Armour
 a - a +0 robe (worn)
Jewellery
 d - a ring of fire
 f - a ring of positive energy (left hand)
Wands
 g - a wand of polymorph (11)
Scrolls
 c - a scroll of magic mapping
 e - 2 scrolls of identify
Potions
 b - a potion of cancellation


   Skills:
 + Level 2.2 Fighting
 + Level 3.0 Dodging
 + Level 3.2 Stealth
 + Level 4.4 Spellcasting
 + Level 7.3 Necromancy


You had 5 spell levels left.
You knew the following spells:

 Your Spells              Type           Power      Damage    Failure   Level
a - Pain                  Necr           100%       1d9       1%          1
b - Vampiric Draining     Necr           18%        2d8       1%          3
c - Animate Dead          Necr           18%        N/A       5%          4

Your spell library contained the following spells:

 Spells                   Type           Power      Damage    Failure   Level
 Animate Skeleton         Necr           74%        N/A       1%          1
 Agony                    Necr           37%        N/A       14%         5


Dungeon Overview and Level Annotations

Branches:
Dungeon (5/15)
 Temple: D:4-7

Altars:

Shops:
D:2 *


Message History

The phantom closely misses you.
You barely miss the phantom.
The phantom is heavily damaged.
The phantom hits you.
The phantom blinks!
You blink.
The phantom hits you.
Found 13 gold pieces and a leather armour.
A bullfrog skeleton comes into view.
You hit the phantom but do no damage.
The phantom is heavily damaged.
The phantom misses you.
You hit the phantom.
The phantom is severely damaged.
The phantom hits you!
You closely miss the phantom.
The phantom is severely damaged.
The phantom hits you but does no damage.
You closely miss the phantom.
The phantom is severely damaged.
The phantom closely misses you.
You hit the phantom.
The phantom is severely damaged.
The phantom hits you.
The phantom blinks!
You blink.
You barely miss the phantom.
The phantom is severely damaged.
The phantom completely misses you.
You closely miss the phantom.
The phantom is severely damaged.
The phantom hits you but does no damage.
You hit the phantom.
The phantom is severely damaged.
The phantom hits you.
* * * LOW HITPOINT WARNING * * *
You hit the phantom.
The phantom is almost destroyed.
The phantom hits you.
* * * LOW HITPOINT WARNING * * *
The phantom blinks!
You blink.
You closely miss the phantom.
The phantom is severely damaged.
The phantom closely misses you. The phantom hits you!
You die...

.......... .....##.#.)...
#.#.....# ..............
#.#.....## ........#.....
#......... ........#.....
...###+### #
....###....... ##.# #.#
#.####### ... ........
##'###.###.......# .#
###.#.#.#.
............)...W# ...
........
....##..........@##.....
...#.##
....##....!.....§§.....# #
## #
....##.....##...#.#....#.#
........§..##..[#.#......#
....##......+.....#......#
....##.....##.....#...[Z.#
....######...$............
# .....###............ ...
.# ####.#...$...


You could see a phantom and a bullfrog skeleton (dormant).

Vanquished Creatures
  Sigmund (D:2)
  A hound (D:4)
  2 orc wizards
  4 adders
  A worm (D:3)
  2 dart slugs
  9 orcs
  8 endoplasms
  2 giant cockroaches
  6 goblins
  7 hobgoblins
  8 kobolds
  2 quokkas (D:1)
  4 ball pythons
  5 bats
  3 frilled lizards
  3 rats
68 creatures vanquished.

Vanquished Creatures (others)
  2 withered plants (D:3)
2 creatures vanquished.

Grand Total: 70 creatures vanquished

Notes
Turn   | Place    | Note
-------+----------+-------------------------------------------
     0 | D:1      | hawla the Deep Elf Necromancer began the quest for the Orb.
     0 | D:1      | Reached XP level 1. HP: 10/10 MP: 6/6
   313 | D:1      | Reached skill level 5 in Necromancy
   313 | D:1      | Reached XP level 2. HP: 7/16 MP: 1/8
   891 | D:1      | Reached skill level 1 in Fighting
  1720 | D:2      | Reached XP level 3. HP: 19/20 MP: 7/9
  1724 | D:2      | Learned a level 3 spell: Vampiric Draining
  2302 | D:2      | Found Fobiciff's General Store.
  2640 | D:2      | Reached XP level 4. HP: 14/26 MP: 5/10
  2645 | D:2      | Learned a level 4 spell: Animate Dead
  2929 | D:2      | Noticed Sigmund
  3311 | D:2      | Killed Sigmund
  3312 | D:2      | Reached skill level 6 in Necromancy
  3312 | D:2      | Reached skill level 7 in Necromancy
  3312 | D:2      | Reached XP level 5. HP: 22/30 MP: 4/13
  3704 | D:3      | Found a faded altar of an unknown god.
  4038 | D:3      | Reached XP level 6. HP: 34/35 MP: 12/14
  4161 | D:3      | HP: 1/35 [black bear (2)]
  4175 | D:5      | Entered Level 5 of the Dungeon
  4829 | D:4      | Slain by a phantom

Illustrated notes

Levels and vault maps discovered:
D:1:      dpeg_arrival_yet_another_circle, layout_loops_ring
D:2:      layout_basic, serial_shops, shop, uniq_sigmund
D:3:      corexii_shack_village, layout_loops_ring,
          ebering_ecumenical_altar_petrified
D:4:      layout_basic, vehumet_crystals
D:5:      layout_loops_ring, mainiacjoe_overflow_concentric_impassable,
          amcnicky_mini_rare_corridor_liquid, chequers_avenue,
          lightli_corner_chamber, uniq_pikel, uniq_duvessa, uniq_menkaure

Skill      XL: |  1  2  3  4 |
---------------+-------------+-----
Necromancy     | 5 7 |  7.3
Stealth        | 3 |  3.2
Dodging        | 3 |  3.0
Fighting       | 1 2 |  2.2
Spellcasting   | 4 |  4.4

Action                   |  1- 3 |  4- 6 || total
-------------------------+-------+-------++-------
Melee: Dagger            |     8 |     1 ||     9
       Short sword       |       |    23 ||    23
 Cast: Pain              |    69 |    71 ||   140
       Vampiric Draining |       |     5 ||     5
  Use: Scroll            |     6 |     1 ||     7
       Potion            |       |     1 ||     1
 Stab: Sleeping          |       |     1 ||     1
Armor: Robe              |     2 |     8 ||    10
Dodge: Dodged            |    16 |    41 ||    57
